 Dungeon Crawl Stone Soup version 0.31.0-11-ge490571c62 (webtiles) character file.

Game seed: 14833815283505193808

77 Killerpretzel the Changeling (level 4, 0/29 HPs)
             Began as an Octopode Shapeshifter on Feb 9, 2024.
             Slain by an ufetubus (4 damage)
             ... on level 3 of the Dungeon.
             The game lasted 00:05:23 (2337 turns).

Killerpretzel the Changeling (OpSh)                 Turns: 2337, Time: 00:05:23

Health: 0/29       AC:  1    Str: 13    XL:     4   Next: 34%
Magic:  4/4        EV: 13    Int: 12    God:
Gold:   71         SH:  0    Dex: 13    Spells: 3/3 levels left

rFire   . .          .
                       - Unarmed
rCold   . . .        (no shield)
rNeg    . . .        (helmet currently unavailable)
rPois   .            (no amulet)
rElec   .            (no ring)
rCorr   .            (no ring)
SInv    .            (no ring)
Will    .....        (no ring)
Stlth   ++           (no ring)
HPRegen 0.24/turn    (no ring)
MPRegen 0.09/turn    (no ring)
                     (no ring)

%: no passive effects
@: beast-form
A: beast (slay +2), almost no armour, amphibious, 8 rings, camouflage 1,
gelatinous body 1, (nimble swimmer 1), tentacles
a: Begin Untransformation


You were on level 3 of the Dungeon.
You were a hulking beast.
You visited 1 branch of the dungeon, and saw 3 of its levels.

You collected 71 gold pieces.

Inventory:

Talismans
 b - a beast talisman
 c - a flux talisman
Scrolls
 d - a scroll of poison {unknown}
 e - a scroll of vulnerability
 i - a scroll of fear {unknown}
Potions
 a - 2 potions of lignification
 f - a potion of might
 g - a potion of haste {unknown}
 h - 2 potions of heal wounds {unknown}
 j - a potion of mutation {unknown}


   Skills:
 + Level 1.9 Fighting
 + Level 2.6 Dodging
 + Level 3.4 Unarmed Combat
 * Level 3.8 Shapeshifting


You had 3 spell levels left.
You didn't know any spells.
Your spell library contained the following spells:

 Spells                   Type           Power      Damage    Failure   Level
 Slow                     Hex            0%         N/A       32%         1
 Confusing Touch          Hex            0%         N/A       69%         3
 Sigil of Binding         Hex            0%         N/A       69%         3
 Vampiric Draining        Necr           0%         2d6       69%         3


Dungeon Overview and Level Annotations

Branches:
Dungeon (3/15)

Altars:
Ru

Annotations:
D:2 exclusions: 2 gnolls and ogre
D:3 Terence


Innate Abilities, Weirdness & Mutations

You are a hulking beast.
Your limbs bulge with bestial killing power. (Slay +2)
You cannot wear most types of armour.
You are amphibious.
You can wear up to eight rings at the same time.
Your skin changes colour to match your surroundings (Stealth+).
Your rubbery body absorbs attacks. (AC +1, EV +1)
((You are camouflaged when in or above water. (Stealth+)))
You have tentacles for arms and can constrict up to eight enemies at once.


Message History

No target in view!
You see here a giant cockroach corpse.
You see here a +0 short sword.
You now have 71 gold pieces (gained 13).
There is a stone staircase leading down here.
A rat comes into view. 2 ufetubi come into view.
The ufetubus shouts! x2; The rat squeaks loudly.
You tentacle-slap the ufetubus. Your grab misses the ufetubus.
The ufetubus is heavily wounded.
The rat closely misses you. The ufetubus hits you.
The ufetubus closely misses you.
You tentacle-slap the ufetubus but do no damage.
You grab the ufetubus.
The ufetubus is heavily wounded.
You constrict the ufetubus. The ufetubus barely misses you.
The ufetubus hits you. The rat bites you but does no damage.
The ufetubus hits you. The ufetubus barely misses you.
The ufetubus hits you but does no damage.
The ufetubus hits you.
You tentacle-slap the ufetubus but do no damage.
You squeeze the ufetubus.
You kill the ufetubus!
The ufetubus hits you. x2; The rat bites you.
You are too injured to fight recklessly!
You are too injured to fight recklessly!
You are too injured to fight recklessly!
You are too injured to fight recklessly!
You are too injured to fight recklessly!
You are too injured to fight recklessly!
You are too injured to fight recklessly!
There are monsters nearby!
You tentacle-slap the rat.
You kill the rat!
The ufetubus slips past you! The ufetubus hits you.
* * * LOW HITPOINT WARNING * * *
The ufetubus hits you.
* * * LOW HITPOINT WARNING * * *
The ufetubus hits you.
You die...

#..## #.######
##...#######.......
#.....)..##.....###
#....(...........##
#.................#
#.................#
#...###############
#5..# ##h.#
#......# #......#
#......# #......#
#......# #..!...#
#......#


You could see an ufetubus.

Vanquished Creatures
  2 adders
  An ufetubus (D:3)
  A dart slug (D:1)
  A ribbon worm (D:2)
  3 ball pythons
  4 endoplasms
  3 giant cockroaches
  5 goblins
  6 hobgoblins
  4 jackals (D:1)
  5 bats
  2 frilled lizards (D:2)
  2 kobolds
  7 rats
  A spectral kobold (D:1)
47 creatures vanquished.

Notes
Turn   | Place    | Note
-------+----------+-------------------------------------------
     0 | D:1      | Killerpretzel the Octopode Shapeshifter began the quest for
                  | the Orb.
     0 | D:1      | Reached XP level 1. HP: 13/13 MP: 1/1
   139 | D:1      | Reached XP level 2. HP: 17/18 MP: 2/2
   829 | D:1      | Found a faded altar of an unknown god.
   872 | D:1      | Reached XP level 3. HP: 22/22 MP: 3/3
  1229 | D:2      | Noticed an ogre
  1247 | D:2      | Found a sacrificial altar of Ru.
  1674 | D:2      | Reached XP level 4. HP: 18/29 MP: 4/4
  2089 | D:3      | Noticed Terence
  2337 | D:3      | Slain by an ufetubus

Illustrated notes

Levels and vault maps discovered:
D:1:      tekkud_arrival_beachfront_property, layout_basic,
          dreamdust_ecumenical_altar_drowned_temple, glass_columns_a
D:2:      layout_basic, basic_altar
D:3:      minmay_recursive_quarters, layout_rooms, uniq_terence

Action                     |  1- 3 |  4- 6 || total
---------------------------+-------+-------++-------
  Melee: Unarmed           |    68 |    18 ||    86
         Constrict         |    14 |     4 ||    18
         Punch             |     2 |       ||     2
         Tentacles         |    12 |     3 ||    15
    Use: Scroll            |     3 |     2 ||     5
   Stab: Sleeping          |     7 |     1 ||     8
 Armour: Skin              |    25 |    18 ||    43
  Dodge: Dodged            |    24 |    10 ||    34
